 Dungeon Crawl Stone Soup version 0.29-a0-234-g0dae59b3db (webtiles) character file.

Game seed: 6587086479536090258

70 wakim the Skirmisher (level 4, -6/37 HPs)
             Began as a Palentonga Fighter on Mar 2, 2022.
             Mangled by a gnoll
             ... wielding a +0 flail
              (9 damage)
             ... on level 2 of the Dungeon.
             The game lasted 00:03:20 (1592 turns).

wakim the Skirmisher (Palentonga Fighter)           Turns: 1592, Time: 00:03:20

Health: -6/37      AC:  6    Str: 19      XL:     4   Next: 4%
Magic:  4/4        EV:  7    Int: 15      God:
Gold:   35         SH:  4    Dex: 10 (11) Spells: 3/3 levels left

rFire   . . .      SeeInvis +   a - +0 flail
rCold   . . .      Faith    .   c - +0 buckler
rNeg    . . .      Spirit   .   b - +0 scale mail
rPois   .          Reflect  .   (no helmet)
rElec   .          Harm     .   (no cloak)
rCorr   .          Rampage  .   (no gloves)
Will    .....                   (no barding)
Stlth   ..........              (no amulet)
HPRegen 0.12/turn               S - +6 ring of intelligence
MPRegen 0.09/turn               (no ring)

@: mighty
A: large, rugged brown scales 3, see invisible, deformed body, roll 1, armoured
tail
a: Rolling Charge


You were on level 2 of the Dungeon.
You visited 1 branch of the dungeon, and saw 2 of its levels.

You collected 35 gold pieces.

Inventory:

Hand Weapons
 a - a +0 flail (weapon)
Armour
 b - a +0 scale mail (worn)
 c - a +0 buckler (worn)
Jewellery
 S - a +6 ring of intelligence (left hand)
Scrolls
 P - a scroll of identify {unknown}
 Q - a scroll of silence {unknown}
Potions
 d - a potion of degeneration {!q}


   Skills:
 + Level 3.5 Fighting
 * Level 3.4 Maces & Flails
 + Level 2.9 Armour
 - Level 2.4 Shields


You had 3 spell levels left.
You didn't know any spells.
Your spell library was empty.

Dungeon Overview and Level Annotations

Branches:
Dungeon (2/15)

Altars:


Innate Abilities, Weirdness & Mutations

You are completely covered in rugged brown scales. (AC +3, +7% HP)
You have supernaturally acute eyesight. (SInv)
Armour fits poorly on your strangely shaped body.
You can roll at nearby foes to attack.
You have a long armoured tail.


Message History

You kill the gnoll!
You feel your intelligence returning.
You thump the quokka!
You kill the quokka!
The adder barely misses you.
You barely miss the adder. The adder bites you but does no damage.
The gnoll hits you from afar with a +0 spear.
* * * LOW HITPOINT WARNING * * *
The adder bites you but does no damage.
The gnoll hits you from afar with a +0 spear.
* * * LOW HITPOINT WARNING * * *
10/31 (-5)
You bludgeon the adder!!
You kill the adder!
The gnoll throws a stone.
The stone barely misses you.
Okay, then.
The gnoll throws a stone.
The stone hits you.
* * * LOW HITPOINT WARNING * * *
5/31 (-5) Roll where?
Press: ? - help, Dir - move target, f/p - gnoll
Aim: a gnoll, wielding a +0 spear, wearing a +0 robe and quivering stones You roll forward with a clatter of scales!
You sock the gnoll!
The gnoll is almost dead.
You block the gnoll's attack.
The gnoll hits you from afar with a +0 spear.
* * * LOW HITPOINT WARNING * * *
4/31 (-1)
You thump the gnoll!
You kill the gnoll!
The gnoll hits you from afar with a +0 spear.
* * * LOW HITPOINT WARNING * * *
You feel your strength returning.
You have reached level 4!
You feel clever. 3/37 (-1)
You hit the gnoll.
The gnoll is heavily wounded.
The gnoll hits you with a +0 flail!
You die...

######### #.......# #. #°# #.
#°# #. #@#
...###.#####g################
........g..g.......##........
.......S##.........##..######
...........#.#####.##..♣♣♣♣♣♣
.....♣.♣####.# ##.#..........
#.#.... .....###.###...♣♣♣♣♣♣
...#.♣. ........## ##..# #.
#.###.. ########.###.#.# #.


You could see 2 gnolls.

Vanquished Creatures
  2 gnolls (D:2)
  2 adders (D:2)
  2 bats (D:1)
  3 endoplasms
  2 giant cockroaches (D:1)
  2 hobgoblins
  5 quokkas
  A ball python (D:2)
  2 frilled lizards (D:1)
  4 goblins
  5 kobolds
  2 rats (D:1)
32 creatures vanquished.

Vanquished Creatures (others)
  4 fungi (D:1)
  6 plants
10 creatures vanquished.

Grand Total: 42 creatures vanquished

Notes
Turn   | Place    | Note
-------+----------+-------------------------------------------
     0 | D:1      | wakim the Palentonga Fighter began the quest for the Orb.
     0 | D:1      | Reached XP level 1. HP: 19/19 MP: 1/1
   163 | D:1      | Reached XP level 2. HP: 7/25 MP: 2/2
   455 | D:1      | Found a faded altar of an unknown god.
  1249 | D:2      | HP: 1/25 [poisoned by an adder]
  1254 | D:2      | Reached XP level 3. HP: 12/31 MP: 3/3
  1592 | D:2      | Reached XP level 4. HP: 3/37 MP: 4/4
  1592 | D:2      | Mangled by a gnoll

Illustrated notes

Levels and vault maps discovered:
D:1:      mushboom_english_gardens, layout_loops_ring,
          shapermc_ecumenical_altar_ellora
D:2:      layout_loops_ring, serial_forest, infiniplex_forest_clump_cross,
          infiniplex_forest_straight_2, infiniplex_forest_lined_2,
          infiniplex_forest_lined_room_2, infiniplex_forest_end_1,
          infiniplex_forest_clump_curved

Skill      XL: |  1  2 |
---------------+-------+-----
Maces & Flails | 3 |  3.4
Fighting       | |  3.5
Armour         | |  2.9
Shields        | |  2.4

Action                   |  1- 3 |  4- 6 || total
-------------------------+-------+-------++-------
Melee: Flail             |   111 |     1 ||   112
       Tailslap          |     9 |       ||     9
 Abil: Rolling Charge    |    19 |       ||    19
  Use: Potion            |     3 |       ||     3
Armor: Scale mail        |    65 |       ||    65
Dodge: Dodged            |    29 |       ||    29
Block: Buckler           |    18 |       ||    18

Table legend: (Time is in decaauts)
 A = Elapsed time spent in this place.
 B = Non-inter-level travel time spent in this place.
 C = Inter-level travel time spent in this place.
 D = Time resting spent in this place.
 E = Time spent auto-exploring this place.
 F = Levels seen in this place.
 G = Mean time per level.
                   A        B        C        D        E       F      G
               +--------+--------+--------+--------+--------+-----+--------+
         Total |   1625 |   1604 |     21 |    411 |    745 |   2 |  812.5 |
       Dungeon |   1625 |   1604 |     21 |    411 |    745 |   2 |  812.5 |
               +--------+--------+--------+--------+--------+-----+--------+

Top non-repeatable levels by time:
     D:1: 1028 daAuts
     D:2: 597 daAuts
